 Dungeon Crawl Stone Soup version 0.30-a0-1053-gbd8d5ba0ad (webtiles) character file.

Game seed: 10493783785837931796

97 Kebab the Magician (level 4, -1/35 HPs)
             Began as a Mummy Cinder Acolyte on Apr 11, 2023.
             Was a High Priest of Ignis.
             Slain by a gnoll
             ... wielding a +0 flail
              (8 damage)
             ... on level 2 of the Dungeon.
             The game lasted 00:06:34 (1911 turns).

Kebab the Magician (Mummy Cinder Acolyte)           Turns: 1911, Time: 00:06:34

Health: -1/35      AC:  2    Str: 17    XL:     4   Next: 42%
Magic:  1/9        EV: 11    Int: 15    God:    Ignis [*****.]
Gold:   57         SH:  0    Dex:  7    Spells: 8/10 levels left

rFire   . . .      SeeInvis .    a - -1 short sword (flame)
rCold   + . .      Faith    +    (no shield)
rNeg    + + +      Spirit   .    b - +0 robe
rPois   ∞          Reflect  .    (no helmet)
rElec   .          Rampage  .    (no cloak)
rCorr   .                        (no gloves)
Will    .....                    (no boots)
Stlth   +                        (no amulet)
HPRegen 0.25/turn                (no ring)
MPRegen 0.11/turn                (no ring)

@: no status effects
A: cold resistance 1, negative energy resistance 3, torment resistance 2, heat
vulnerability 1, in touch with death 1, no potions, faith
a: Renounce Religion, Fiery Armour, Foxfire Swarm, Rising Flame


You were on level 2 of the Dungeon.
You worshipped Ignis.
Ignis was extremely pleased with you.
You visited 1 branch of the dungeon, and saw 2 of its levels.

You collected 57 gold pieces.

Inventory:

Hand Weapons
 a - a -1 short sword of flaming (weapon)
Missiles
 g - 14 stones (quivered)
Armour
 b - a +0 robe (worn)
Scrolls
 c - 3 scrolls of identify {unknown}
 d - 2 scrolls of poison {unknown}
 e - 3 scrolls of fear {unknown}
 f - a scroll of blinking {unknown}
 h - a scroll of enchant weapon {unknown}


   Skills:
 - Level 3.0 Fighting
 - Level 2.4 Short Blades
 + Level 3.8 Spellcasting
 + Level 3.5 Fire Magic


You had 8 spell levels left.
You knew the following spells:

 Your Spells              Type           Power      Damage    Failure   Level
a - Scorch                Fire           26%        2d6       7%          2

Your spell library contained the following spells:

 Spells                   Type           Power      Damage    Failure   Level


Dungeon Overview and Level Annotations

Branches:
Dungeon (2/15)

Altars:
Xom


Innate Abilities, Weirdness & Mutations

You are immune to poison.
Your flesh is cold resistant. (rC+)
You are immune to negative energy. (rN+++)
You are immune to unholy pain and torment.
You are vulnerable to heat. (rF-)
You are in touch with the powers of death.
You do not drink.
You have a special connection with the divine. (Faith)


Message History

Casting: Scorch (safe; 7% risk of failure)
Confirm with . or Enter, or press ? or * to list all spells.
Flames lash the quokka.
You kill the quokka!
The gnoll closely misses you.
Unknown command.
Casting: Scorch (safe; 7% risk of failure)
Confirm with . or Enter, or press ? or * to list all spells.
You don't have enough magic to cast this spell.
The gnoll is no longer more vulnerable to fire.
You see here a +0 spear.
The gnoll attacks as you move away! The gnoll hits you with a +0 flail.
Casting: Scorch (safe; 7% risk of failure)
Confirm with . or Enter, or press ? or * to list all spells.
Flames lash the gnoll.
The gnoll is heavily wounded.
The gnoll's fire resistance burns away.
The gnoll hits you with a +0 flail.
Unknown command.
The gnoll attacks as you move away! The gnoll hits you with a +0 flail.
The gnoll is no longer more vulnerable to fire.
The gnoll attacks as you move away! The gnoll hits you with a +0 flail!
You hit the gnoll but do no damage.
The gnoll is heavily wounded.
The gnoll barely misses you.
You hit the gnoll but do no damage.
The gnoll is heavily wounded.
The gnoll barely misses you.
You barely miss the gnoll.
The gnoll is heavily wounded.
The gnoll hits you with a +0 flail!
You hit the gnoll. You burn the gnoll.
The gnoll is severely wounded.
The gnoll closely misses you.
You hit the gnoll but do no damage.
The gnoll is severely wounded.
The gnoll hits you with a +0 flail!
* * * LOW HITPOINT WARNING * * *
Unknown command.
The gnoll attacks as you move away! The gnoll hits you with a +0 flail!
You die...

..# ###. #.# .<.# #.# #..#
#####.# #... ..##.#
######### ##.## #.##.#
##..... .#
###...####.##.#####..~P♣♣♣..
#.........g@........~~P~~~~♣
#.#!..#######.###..P~r~~~~♣♣
##.## #.# #..~~P~~~~~~
#)########.# #...........
#..........# #..~~~P~~P~~
#.########## ####♣~~~~~~~
#.. #~~~~~~~ ##) ##..
#.~~♣♣~# .♣ ##.....#.######


You could see a gnoll.

Vanquished Creatures
  3 gnolls
  2 worms (D:2)
  5 dart slugs
  4 ball pythons
  5 bats
  7 endoplasms
  3 giant cockroaches
  A hobgoblin (D:1)
  3 jackals (D:2)
  5 kobolds
  4 quokkas
  A frilled lizard (D:1)
  2 goblins
  6 rats
51 creatures vanquished.

Vanquished Creatures (others)
  25 plants (D:2)
25 creatures vanquished.

Grand Total: 76 creatures vanquished

Notes
Turn   | Place    | Note
-------+----------+-------------------------------------------
     0 | D:1      | Kebab the Mummy Cinder Acolyte began the quest for the Orb.
     0 | D:1      | Reached XP level 1. HP: 18/18 MP: 2/2
   211 | D:1      | Reached XP level 2. HP: 24/24 MP: 5/5
   436 | D:1      | Learned a level 2 spell: Scorch
   605 | D:1      | Gained mutation: You are in touch with the powers of death.
                  | [Mummy growth]
   605 | D:1      | Reached XP level 3. HP: 29/29 MP: 1/7
  1261 | D:2      | Found a shimmering altar of Xom.
  1615 | D:2      | Reached XP level 4. HP: 33/35 MP: 1/9
  1911 | D:2      | Slain by a gnoll

Illustrated notes

Levels and vault maps discovered:
D:1:      spicycebolla_green_bress_n_ham, layout_basic,
          chequers_serial_rivers_marsh
D:2:      layout_loops_ring, serial_bayou, serial_bayou_lagoon_b,
          serial_bayou_pond_d, serial_bayou_pond_d, serial_bayou_crossing,
          basic_altar

Skill      XL: |  1  2  3 |
---------------+----------+-----
Spellcasting   | 2 3 |  3.8
Fire Magic     | 3 |  3.5
Fighting       | |  3.0
Short Blades   | |  2.4

Action                     |  1- 3 |  4- 6 || total
---------------------------+-------+-------++-------
  Melee: Short sword       |    98 |    25 ||   123
         Punch             |     1 |       ||     1
   Cast: Scorch            |    20 |    11 ||    31
 Invoke: Fiery Armour      |     2 |       ||     2
   Stab: Sleeping          |     1 |       ||     1
 Armour: Robe              |    24 |    18 ||    42
  Dodge: Dodged            |    69 |    41 ||   110

Table legend: (Time is in decaauts)
 A = Elapsed time spent in this place.
 B = Non-inter-level travel time spent in this place.
 C = Inter-level travel time spent in this place.
 D = Time resting spent in this place.
 E = Time spent auto-exploring this place.
 F = Levels seen in this place.
 G = Mean time per level.
                   A        B        C        D        E       F      G
               +--------+--------+--------+--------+--------+-----+--------+
         Total |   1906 |   1884 |     22 |    497 |    978 |   2 |  953.0 |
       Dungeon |   1906 |   1884 |     22 |    497 |    978 |   2 |  953.0 |
               +--------+--------+--------+--------+--------+-----+--------+

Top non-repeatable levels by time:
     D:1: 1150 daAuts
     D:2: 756 daAuts
